[Event "Early-Titled-Tuesday-Blitz-October-10-2023"]
[Site "Chess.com"]
[Date "2023.10.10"]
[Round "5"]
[White "brm72"]
[Black "RamonManon0g"]
[Result "1-0"]
[WhiteElo "2515"]
[BlackElo "2324"]
[TimeControl "180+1"]
[EndTime "8:53:55 PDT"]
[Termination "brm72 won by resignation"]

1. e4 c5 2. Nf3 d6 3. d4 cxd4 4. Nxd4 Nf6 5. Nc3 a6 6. Be2 e5 7.
Nb3 Be7 8. O-O O-O 9. Re1 Nc6 10. a4 Be6 11. Bf3 Bxb3 12. cxb3 Nd4 13. Be3 Nxf3+ 14. Qxf3 Qd7 15. a5 Qe6 16. Nd5 Nxd5 17. exd5 Qg6 18. Rac1 Rac8 19. Bb6 Rc2 20. Rxc2 Qxc2 21. Qc3 Rc8 22.
Qxc2 Rxc2 23. f4 f6 24. fxe5 fxe5 25. Re3 Rxb2 26. Rc3 Rd2 27. Rc7 Bf8 28. Rxb7 Rxd5 29. Ra7 Rb5 30. Rxa6 Rxb3 31. Ra8 e4 32. Kf2 Kf7 33.
Bd4 Rd3 34. Bb6 d5 35. a6 Bd6 36. a7 Ra3 37. Rd8 e3+ 38. Bxe3 d4 39. Bxd4 1-0

[Event "Early-Titled-Tuesday-Blitz-October-10-2023"]
[Site "Chess.com"]
[Date "2023.10.10"]
[Round "5"]
[White "Tssunami"]
[Black "AlexandraSamaganova"]
[Result "1-0"]
[WhiteElo "2401"]
[BlackElo "2218"]
[TimeControl "180+1"]
[EndTime "8:53:55 PDT"]
[Termination "Tssunami won by checkmate"]

1. e4 c5 2. Nf3 e6 3. d3 Nc6 4.
Nbd2 g6 5. g3 Bg7 6. Bg2 Nge7 7.
O-O O-O 8. Re1 d6 9. c3 Rb8 10. a4 a6 11. Nb3 b5 12. axb5 axb5 13. d4 c4 14. Nbd2 d5 15. h4 h6 16. h5 g5 17. e5 b4 18. Nf1 bxc3 19. bxc3 Rb3 20. Qc2 Qb6 21. Ra2 Bd7 22. Bxg5 Rb8 23. Bc1 Rb1 24. N1d2 Rb5 25. g4 Kf8 26. Nf1 Ra5 27. Rb2 Rb5 28. Rxb5 Qxb5 29. Qh7 Ng8 30. g5 Qb1 31. g6 Qc2 32. Ne3 Qd3 33. Rd1 Qb1 34. Ba3+ Ke8 35. Qxg8+ Bf8 36. Qxf8# 1-0

[Event "Early-Titled-Tuesday-Blitz-October-10-2023"]
[Site "Chess.com"]
[Date "2023.10.10"]
[Round "5"]
[White "NovozhilovSemen"]
[Black "Kielinkei"]
[Result "1-0"]
[WhiteElo "2599"]
[BlackElo "2459"]
[TimeControl "180+1"]
[EndTime "8:53:56 PDT"]
[Termination "NovozhilovSemen won on time"]

1. d4 Nf6 2. Nf3 e6 3. c4 Bb4+ 4. Bd2 Qe7 5. g3 Bxd2+ 6. Nbxd2 d6 7. Bg2 e5 8. O-O e4 9. Ng5 e3 10. Nde4 Nxe4 11. Nxe4 exf2+ 12. Rxf2 O-O 13. Qd2 Nc6 14. Nc3 Bg4 15. Nd5 Qd7 16. Raf1 Ne7 17. Nf4 c6 18. h3 Bf5 19. e4 Bg6 20. h4 h6 21. Bh3 Qc7 22.
Nxg6 Nxg6 23. h5 Ne7 24. d5 f5 25. exf5 Rf6 26. Re1 cxd5 27. cxd5 Raf8 28. g4 R8f7 29. Bg2 Kh7 30. Rfe2 Qc5+ 31. Kh2 Qc7 32. Re6 Qd7 33. Qe3 Ng8 34. Re8 Qc7 35. Qxa7 Re7 36. R1xe7 Nxe7 37. Qa8 g5 38. hxg6+ Kg7 39. Rh8 1-0

[Event "Early-Titled-Tuesday-Blitz-October-10-2023"]
[Site "Chess.com"]
[Date "2023.10.10"]
[Round "5"]
[White "InitiatingASC"]
[Black "banane_verte"]
[Result "1/2-1/2"]
[WhiteElo "2341"]
[BlackElo "2513"]
[TimeControl "180+1"]
[EndTime "8:53:56 PDT"]
[Termination "Game drawn by stalemate"]

1. d4 d5 2. c4 c6 3. cxd5 cxd5 4. Nc3 Nc6 5. Bf4 e5 6. dxe5 d4 7. Nb1 Qa5+ 8. Bd2 Bb4 9. Nf3 Nxe5 10. Nxe5 Bxd2+ 11. Nxd2 Qxe5 12. Nf3 Qa5+ 13. Qd2 Qxd2+ 14. Kxd2 Nf6 15.
Nxd4 O-O 16. f3 Rd8 17. e3 Nd5 18. Rd1 Bd7 19. Bc4 Nb6 20. Bb3 Rac8 21. Rc1 Kf8 22.
Rxc8 Rxc8 23. Rc1 Rxc1 24. Kxc1 Ke7 25. Kd2 Kd6 26. Bxf7 Kc5 27. Ne6+ Bxe6 28. Bxe6 Na4 29. Kc2 Kd6 30. Bf5 h6 31. Be4 Nc5 32. Bd3 Ke5 33. b4 Ne6 34. Kc3 Nc7 35. Bc4 b5 36. Bb3 Ne8 37. Bc2 Nc7 38. Be4 Ne8 39. Bd3 Nc7 40. f4+ Kd5 41. e4+ Kd6 42. g3 a6 43.
Bf1 Ne6 44. Bg2 g6 45. e5+ Kd7 46. Be4 Nf8 47. Kd4 g5 48. f5 Ke7 49. Kd5 Nd7 50.
f6+ Ke8 51. Kd6 Nb6 52. Bc6+ Kf8 53. e6 Nc4+ 54. Kd7 Ne5+ 55. Kc7 Ng6 56. e7+ Nxe7 57. fxe7+ Kxe7 58. Bb7 a5 59. bxa5 b4 60. Bd5 Kf6 61. a6 Ke5 62. Bb3 h5 63. a7 h4 64. a8=Q hxg3 65.
hxg3 g4 66. Qg2 Kd4 67. Qe2 Kc3 68. Qxg4 Kb2 69. Qxb4 Ka1 70. Bc4 1/2-1/2

[Event "Early-Titled-Tuesday-Blitz-October-10-2023"]
[Site "Chess.com"]
[Date "2023.10.10"]
[Round "5"]
[White "Road2GM3000"]
[Black "mary-sanna"]
[Result "0-1"]
[WhiteElo "2364"]
[BlackElo "2168"]
[TimeControl "180+1"]
[EndTime "8:53:56 PDT"]
[Termination "mary-sanna won by resignation"]

1. d4 d5 2. c4 e6 3. cxd5 exd5 4. Nc3 Nf6 5. Bg5 c6 6. e3 Bf5 7. Bd3 Bg6 8. Nge2 Be7 9. Bxg6 hxg6 10. Nf4 Nbd7 11.
Qf3 Nb6 12. Nd3 Rh5 13. Bf4 Nc4 14. O-O-O Qb6 15. Na4 Qa5 16. Nac5 b6 17. Nb3 Qxa2 18. Nd2 a5 19. Nb1 a4 20. Qe2 Qb3 21. Qc2 Qb5 22. Nc3 Qa6 23. Ne5 Rc8 24. g4 Rh8 25. g5 Ne4 26.
Nxe4 Nxe5 27. Bxe5 dxe4 28. Qxe4 Qc4+ 29. Kb1 a3 30.
Bd6 Qe6 31. Qxe6 fxe6 32. Bxe7 Kxe7 33. bxa3 Ra8 34. Kb2 Rh5 35. f4 Rh3 36. Rd3 Rah8 37. Rc1 Rxh2+ 38. Kb3 R8h3 39. Rc5 bxc5 40. dxc5 Re2 41.
a4 Rexe3 42. Kc4 Rxd3 43. a5 Rc3+ 0-1

[Event "Early-Titled-Tuesday-Blitz-October-10-2023"]
[Site "Chess.com"]
[Date "2023.10.10"]
[Round "5"]
[White "GAusal"]
[Black "Rosh1610"]
[Result "0-1"]
[WhiteElo "2281"]
[BlackElo "2447"]
[TimeControl "180+1"]
[EndTime "8:53:57 PDT"]
[Termination "Rosh1610 won by resignation"]

1. d4 Nf6 2. Nf3 d5 3. Bf4 e6 4.
e3 Bd6 5. Bxd6 Qxd6 6. Be2 Nbd7 7. Nbd2 e5 8. dxe5 Nxe5 9. Nxe5 Qxe5 10. c3 O-O 11.
Nf3 Qd6 12. O-O b6 13. c4 Bb7 14. cxd5 Nxd5 15. Qb3 Rad8 16. Rfd1 Qg6 17. Bf1 Rfe8 18.
Rac1 c5 19. Ne1 Nb4 20. Rxd8 Rxd8 21. a3 Nc6 22. Qc3 h6 23. g3 Ne7 24. Bg2 Bxg2 25. Nxg2 Rd3 26. Qe5 Qd6 27. Qxd6 Rxd6 28. Kf1 Rd2 29.
Rb1 Nf5 30. Ke1 Rc2 31. Nf4 Nd6 32. Nd3 Ne4 33. b4 c4 34. f3 cxd3 35. fxe4 Rxh2 36. Rb3 Re2+ 37. Kd1 Rxe3 38. Kd2 Rxg3 39. Rc3 h5 40. Rc8+ Kh7 41. Rc7 h4 42. Rxf7 h3 43. Rf1 g5 44.
e5 h2 45. e6 Rg1 46. e7 Rxf1 47. e8=Q h1=Q 48. Qe7+ Kh6 49. Qe6+ Kh5 50. Qe8+ Kh4 51. Qh8+ Kg4 52. Qc8+ Rf5 53. Qc4+ Rf4 54. Qc8+ Kg3 55. Qd7 g4 56. Qxd3+ Qf3 57. Qh7 Qf2+ 58. Kc3 Qd4+ 59.
Kb3 Qc4+ 60. Ka4 Qa6+ 61. Kb3 Rf3+ 62. Kc2 Qd3+ 63. Kc1 Qxh7 0-1

[Event "Early-Titled-Tuesday-Blitz-October-10-2023"]
[Site "Chess.com"]
[Date "2023.10.10"]
[Round "5"]
[White "Witty_Alien"]
[Black "angryspacevoid"]
[Result "0-1"]
[WhiteElo "2238"]
[BlackElo "2524"]
[TimeControl "180+1"]
[EndTime "8:53:59 PDT"]
[Termination "angryspacevoid won on time"]

1. e4 c5 2. Nf3 Nf6 3. Bd3 Nc6 4.
c3 d5 5. e5 Nd7 6. Qe2 c4 7.
Bc2 Nc5 8. Nd4 g6 9. b4 Ne6 10. Nxe6 Bxe6 11. b5 Nb8 12. d4 cxd3 13. Bxd3 Nd7 14.
O-O Nc5 15. Bc2 Bg7 16. Be3 Rc8 17. b6 axb6 18. Qb5+ Bd7 19. Qb4 Bxe5 20. f4 Bg7 21. Nd2 O-O 22. Rab1 Na6 23. Qxb6 Qxb6 24. Bxb6 Bxc3 25. Nf3 Nb4 26. Bb3 Bf5 27. Rbc1 Nd3 28.
Rxc3 Rxc3 29. Bxd5 Nxf4 30. Bxb7 Rb8 31. Ba5 Rc2 32.
Nd4 Rxa2 33. Nxf5 Rxb7 34. Nh6+ Kg7 35. g3 Nh3+ 36. Kh1 Rxa5 0-1

[Event "Early-Titled-Tuesday-Blitz-October-10-2023"]
[Site "Chess.com"]
[Date "2023.10.10"]
[Round "5"]
[White "MidnightFox"]
[Black "Witik"]
[Result "0-1"]
[WhiteElo "2490"]
[BlackElo "2700"]
[TimeControl "180+1"]
[EndTime "8:54:00 PDT"]
[Termination "Witik won by checkmate"]

1. d4 Nf6 2. c3 g6 3. Bf4 Bg7 4. h3 d6 5. e3 O-O 6. Nf3 Nfd7 7.
Be2 e5 8. Bh2 Nc6 9. O-O Kh8 10.
Nbd2 f5 11. Qb3 Qe7 12. dxe5 dxe5 13. Nc4 a5 14. a4 b6 15. Rfd1 Ba6 16. Rd2 g5 17.
Rad1 Nc5 18. Qc2 f4 19. exf4 gxf4 20. Na3 Bb7 21. Bb5 e4 22. Re2 Rae8 23. Rde1 Qf6 24. Nd2 e3 25. fxe3 fxe3 26. Nf3 Qh6 27. Nc4 Rxf3 28.
gxf3 Qxh3 29. Rxe3 Rg8 30. Kh1 Ne5 31. Nxe5 Bxe5 32. Qf2 Bg3 33. Qf1 Qxh2# 0-1

[Event "Early-Titled-Tuesday-Blitz-October-10-2023"]
[Site "Chess.com"]
[Date "2023.10.10"]
[Round "5"]
[White "soumeow"]
[Black "RCone"]
[Result "0-1"]
[WhiteElo "2283"]
[BlackElo "2482"]
[TimeControl "180+1"]
[EndTime "8:54:01 PDT"]
[Termination "RCone won on time"]

1. e4 d6 2. d4 Nf6 3. Nc3 g6 4. Be3 c6 5. Qd2 Nbd7 6. f3 b5 7. a4 b4 8. Nd1 a5 9. Bd3 Bg7 10.
Bh6 Bxh6 11. Qxh6 c5 12. c3 cxd4 13. cxd4 Qb6 14. Ne2 e5 15. Ne3 Bb7 16. Nc4 Qc7 17. Rc1 Qb8 18. g4 Ke7 19. Qh4 h6 20. Qg3 Kf8 21. h4 Kg7 22. Rg1 Re8 23. Kf1 d5 24. Nxe5 Nxe5 25. dxe5 Qxe5 26. f4 Qxb2 27. Rc2 Qa3 28.
e5 Ne4 29. Bxe4 Qxg3 30. Nxg3 dxe4 31. Rc7 Ba6+ 32. Kf2 Bd3 33. Rgc1 Rab8 34. Ne2 b3 0-1

[Event "Early-Titled-Tuesday-Blitz-October-10-2023"]
[Site "Chess.com"]
[Date "2023.10.10"]
[Round "5"]
[White "SlavenPastar"]
[Black "c63_amg"]
[Result "0-1"]
[WhiteElo "2564"]
[BlackElo "2805"]
[TimeControl "180+1"]
[EndTime "8:54:02 PDT"]
[Termination "c63_amg won by checkmate"]

1. b3 e5 2. Bb2 e4 3. d3 Nf6 4. Nd2 d5 5. e3 Bf5 6. dxe4 dxe4 7. Ne2 Nbd7 8. Ng3 Bg6 9. Be2 h5 10. h3 h4 11. Ngf1 Bd6 12. Nh2 Qe7 13. Ng4 O-O-O 14. Nxf6 Nxf6 15. c3 Nd5 16. Qc2 Bg3 17. O-O Be5 18.
Nc4 Bf6 19. Rfd1 Bg5 20. a4 f5 21. Rd4 f4 22. Rad1 c6 23. exf4 e3 24. Bd3 Bxd3 25.
R1xd3 e2 26. Ne5 e1=Q+ 27. Kh2 Bxf4+ 28. g3 hxg3+ 29. fxg3 Q7xe5 30. c4 Q1e2+ 31. Qxe2 Qxe2+ 32. Kg1 Be3+ 33. Kh1 Rh4 34. gxh4 Qf1+ 35. Kh2 Qg1# 0-1

[Event "Early-Titled-Tuesday-Blitz-October-10-2023"]
[Site "Chess.com"]
[Date "2023.10.10"]
[Round "5"]
[White "valeriocarnicelli"]
[Black "Mystery2007"]
[Result "1-0"]
[WhiteElo "2648"]
[BlackElo "2485"]
[TimeControl "180+1"]
[EndTime "8:54:02 PDT"]
[Termination "valeriocarnicelli won by resignation"]

1. d4 Nf6 2. Nf3 e6 3. g3 b6 4. Bg2 Bb7 5. O-O Be7 6. c4 O-O 7. Nc3 d6 8. Qc2 Nbd7 9. e4 e5 10. d5 h6 11. Nh4 Re8 12. h3 Bf8 13. Be3 g6 14. b4 a5 15. a3 Bg7 16. Qd2 Kh7 17. Kh2 Ba6 18. Nb5 Nh5 19. Rfc1 Nf4 20. Bf1 Nf6 21. Nc3 Bc8 22. gxf4 Ng4+ 23. Kg3 exf4+ 24.
Bxf4 g5 25. hxg4 gxf4+ 26. Kh3 f3 27. Nf5 Bxf5 28. exf5 axb4 29. axb4 Rxa1 30. Rxa1 Be5 31. Bd3 Rg8 32. f6+ Rg6 33. Re1 Qxf6 34. Bxg6+ fxg6 35. Ne4 h5 36. Nxf6+ 1-0

[Event "Early-Titled-Tuesday-Blitz-October-10-2023"]
[Site "Chess.com"]
[Date "2023.10.10"]
[Round "5"]
[White "VOneChess"]
[Black "Flaccidmoves"]
[Result "0-1"]
[WhiteElo "2260"]
[BlackElo "2436"]
[TimeControl "180+1"]
[EndTime "8:54:02 PDT"]
[Termination "Flaccidmoves won on time"]

1. e4 e6 2. d4 d6 3. Nc3 Ne7 4.
f4 Nd7 5. Nf3 Nb6 6. Bd3 Ng6 7.
O-O Be7 8. f5 Nh4 9. fxe6 Bxe6 10.
Nxh4 Bxh4 11. d5 Bd7 12. Be3 Bf6 13. Qf3 O-O 14. a4 Nc8 15. Ne2 Ne7 16. Nf4 Ng6 17.
Nxg6 fxg6 18. Qe2 Qe7 19. Rf2 Bxb2 20. Rb1 Rxf2 21. Bxf2 Be5 22. Rxb7 Bxa4 23. Qg4 a5 24.
Qe6+ Qxe6 25. dxe6 Be8 26. Rxc7 a4 27. Bc4 a3 28.
Ba2 Rb8 29. Be1 h5 30. e7+ Bf7 0-1

[Event "Early-Titled-Tuesday-Blitz-October-10-2023"]
[Site "Chess.com"]
[Date "2023.10.10"]
[Round "5"]
[White "ViktoriyaTarasova"]
[Black "FMStan15"]
[Result "1-0"]
[WhiteElo "2367"]
[BlackElo "2118"]
[TimeControl "180+1"]
[EndTime "8:54:03 PDT"]
[Termination "ViktoriyaTarasova won by resignation"]

1. d4 Nf6 2. c4 g6 3. Nc3 Bg7 4. e4 d6 5. h3 O-O 6. Be3 e5 7. d5 a5 8. g4 Na6 9. Be2 Nc5 10. Qc2 Ne8 11. O-O-O f5 12. f3 f4 13. Bf2 b6 14. h4 h6 15. Kd2 Bd7 16. Nh3 a4 17. Ra1 Qb8 18. b4 axb3 19. axb3 Qb7 20. Qb2 Rxa1 21.
Rxa1 Nf6 22. b4 Na6 23. c5 Nb8 24. c6 Nxc6 25. dxc6 Bxc6 26. Qb3+ Kh7 27. g5 Nh5 28. gxh6 Bxh6 29. Ng5+ Bxg5 30. hxg5 Kg7 31. Bc4 Ng3 32. Bd5 Rh8 33. Bxc6 Qxc6 34. Qe6 Rh2 35. Qf6+ Kh7 36. Qf7+ Kh8 37. Qf8+ Kh7 38. Nd1 Nxe4+ 39. fxe4 Qxe4 40. Qe7+ Kh8 41. Qd8+ Kh7 42. Qxc7+ Kh8 43. Qd8+ Kh7 44.
Ra7+ 1-0

[Event "Early-Titled-Tuesday-Blitz-October-10-2023"]
[Site "Chess.com"]
[Date "2023.10.10"]
[Round "5"]
[White "mishanick"]
[Black "xamax2000"]
[Result "1-0"]
[WhiteElo "3084"]
[BlackElo "2861"]
[TimeControl "180+1"]
[EndTime "8:54:04 PDT"]
[Termination "mishanick won by resignation"]

1. d4 Nf6 2. c4 g6 3. Nc3 Bg7 4.
e4 O-O 5. Bd3 d6 6. Nge2 Nc6 7.
O-O e5 8. d5 Nd4 9. Nxd4 exd4 10.
Ne2 Qe7 11. f3 Nd7 12. Bf4 c5 13. Bg3 Ne5 14. b3 f5 15. exf5 Nxd3 16. Qxd3 Bxf5 17. Qd2 d3 18. Nc3 Bd4+ 19. Kh1 Qf6 20. Rac1 Rae8 21.
Bf2 Re7 22. Bxd4 cxd4 23. Nb5 a6 24. Na3 Re2 25. Qf4 Rxg2 26. Rg1 Rxa2 27. Nb1 Bh3 28. Qxf6 Rxf6 29. Rg3 Bf5 30. Rg2 Ra1 31. Rd2 Rf7 32. Re1 Kf8 33. Kg2 Re7 34. Rxe7 Kxe7 35. Rb2 Kf6 36.
Kg3 g5 37. h4 gxh4+ 38. Kxh4 Ke5 39. Kg3 h5 40. f4+ Ke4 41. Nd2+ Ke3 42. c5 Rg1+ 43. Kh2 Rg6 44. Nc4+ Kxf4 45. Rf2+ Kg5 46. Nxd6 Bg4 47. Ne4+ Kh4 48. d6 Rg8 49. Rf4 Rc8 50. b4 a5 51.
bxa5 d2 52. Nxd2 Rxc5 53. Rxd4 Rxa5 54. d7 1-0

[Event "Early-Titled-Tuesday-Blitz-October-10-2023"]
[Site "Chess.com"]
[Date "2023.10.10"]
[Round "5"]
[White "ActorXu"]
[Black "Herman-NY"]
[Result "1-0"]
[WhiteElo "2740"]
[BlackElo "2535"]
[TimeControl "180+1"]
[EndTime "8:54:04 PDT"]
[Termination "ActorXu won by resignation"]

1. e4 c5 2. Nf3 Nc6 3. Bb5 e6 4. O-O Nge7 5. Re1 a6 6. Bf1 d5 7.
exd5 Nxd5 8. d4 Nf6 9. Be3 cxd4 10. Nxd4 Bd7 11. c4 Be7 12. Nc3 O-O 13. a3 Nxd4 14.
Bxd4 a5 15. Qe2 a4 16. Rad1 Qc8 17. Nd5 Nxd5 18. cxd5 Ra5 19. Bc3 Ra8 20. d6 Bd8 21. Rd3 f6 22. Rg3 e5 23. Qh5 Bf5 24. Bb5 Bb6 25.
Rd1 Bg6 26. Qe2 Qc5 27. Rxg6 hxg6 28. Bc4+ Rf7 29. Bb4 Qc6 30. d7 Rd8 31. Rd6 Qc7 32. Qg4 Bd4 33. Bxf7+ Kxf7 34. Qe6+ Kf8 35. Rc6+ 1-0

[Event "Early-Titled-Tuesday-Blitz-October-10-2023"]
[Site "Chess.com"]
[Date "2023.10.10"]
[Round "5"]
[White "surrenderPLS"]
[Black "kingapolak"]
[Result "1-0"]
[WhiteElo "2515"]
[BlackElo "2052"]
[TimeControl "180+1"]
[EndTime "8:54:04 PDT"]
[Termination "surrenderPLS won on time"]

1. e4 c5 2. Nf3 e6 3. d4 cxd4 4.
Nxd4 Nc6 5. Bf4 Bc5 6. Nb5 e5 7. Bg3 a6 8. Nd6+ Bxd6 9. Qxd6 Qf6 10. Qxf6 Nxf6 11. Nc3 O-O 12. O-O-O Re8 13. Bc4 b5 14. Bb3 Nd4 15. Bd5 Nxd5 16. Nxd5 Ne2+ 17. Kb1 Nxg3 18.
hxg3 Rb8 19. Nc7 Rf8 20. Rd6 f6 21. Nxa6 Ra8 22. Nc7 Ra5 23. Rhd1 Bb7 24. f3 Bc6 25. Nd5 Rfa8 26. a3 Kf7 27. Nb6 Rb8 28. Nxd7 Bxd7 29. Rxd7+ Kg6 30. Rc7 b4 31. Rdd7 f5 32. Rxg7+ Kf6 33.
Rcf7+ Ke6 34. exf5+ Kd5 35. Rd7+ Kc4 36. Rc7+ Kd4 37.
axb4 Rxb4 38. c3+ Kd3 39. cxb4 Rb5 40. Rc3+ Ke2 41. f6 Rxb4 42. f7 Rb8 43. Rg8 1-0

[Event "Early-Titled-Tuesday-Blitz-October-10-2023"]
[Site "Chess.com"]
[Date "2023.10.10"]
[Round "5"]
[White "Darko-Dimitrijevic"]
[Black "UK_23"]
[Result "0-1"]
[WhiteElo "2173"]
[BlackElo "2384"]
[TimeControl "180+1"]
[EndTime "8:54:04 PDT"]
[Termination "UK_23 won on time"]

1. c4 e6 2. Nc3 d5 3. d4 Nf6 4. e3 a6 5. Nf3 b6 6. Bd3 Bb7 7. O-O Bd6 8. b3 O-O 9. Bb2 Nbd7 10.
Rc1 Ne4 11. Bb1 f5 12. Qe2 Qf6 13. Nd2 Qh6 14. f4 g5 15. g3 gxf4 16. exf4 Ndf6 17. Nf3 Ng4 18. Ne5 Nxe5 19. fxe5 Be7 20. Nxe4 dxe4 21.
Bc3 Bg5 22. Rcd1 e3 23. h4 Bxh4 24. gxh4 Qxh4 25. Qxe3 Kh8 26. Rf4 Rg8+ 27. Kf1 Bg2+ 28. Ke2 Qh2 29. Rf2 Rg3 30. Qf4 Rag8 31. Kd2 R8g4 32. Qxg4 Rxg4 33. d5 Qh6+ 34. Kc2 Be4+ 35. Kb2 Qe3 0-1

[Event "Early-Titled-Tuesday-Blitz-October-10-2023"]
[Site "Chess.com"]
[Date "2023.10.10"]
[Round "5"]
[White "Karttunen"]
[Black "Rsnr"]
[Result "0-1"]
[WhiteElo "2652"]
[BlackElo "2848"]
[TimeControl "180+1"]
[EndTime "8:54:05 PDT"]
[Termination "Rsnr won by resignation"]

1. e4 c6 2. d4 d5 3. e5 Bf5 4.
h4 h6 5. g4 Be4 6. f3 Bh7 7. e6 fxe6 8. Bd3 Nf6 9. Bxh7 Rxh7 10. Ne2 c5 11. Qd3 Nc6 12. c3 Qb6 13. Qg6+ Kd7 14. dxc5 Qxc5 15. Bf4 e5 16. b4 Qb6 17. Bg3 e6 18. Bf2 Qc7 19. Nd2 Bd6 20. Rd1 e4 21. f4 Rf8 22. g5 Ne7 23. Qxh7 Nxh7 24. Bd4 Nf5 25. Bxg7 Nxg7 26. gxh6 Nf5 27. Nb3 Ne3 28.
Rd2 Ng2+ 29. Kd1 Nxf4 30. Ned4 Nd3 31. Kc2 Nxb4+ 32. Kb2 Nd3+ 33. Kc2 Bf4 34. Re2 Bxh6 35. Rd1 Rf2 36. Rxd3 Rxe2+ 37. Nxe2 exd3+ 38. Kxd3 Nf6 0-1

[Event "Early-Titled-Tuesday-Blitz-October-10-2023"]
[Site "Chess.com"]
[Date "2023.10.10"]
[Round "5"]
[White "fu24"]
[Black "MightyGMpretender"]
[Result "1-0"]
[WhiteElo "2630"]
[BlackElo "2746"]
[TimeControl "180+1"]
[EndTime "8:54:05 PDT"]
[Termination "fu24 won on time"]

1. d4 e6 2. Bf4 Nf6 3. e3 c5 4. Nc3 cxd4 5. exd4 Bb4 6. Bd3 b6 7. Ne2 Bb7 8. O-O O-O 9. a3 Be7 10. Ng3 Nc6 11. d5 Nxd5 12. Nxd5 exd5 13. Nf5 Bf6 14. c3 Ne5 15. Bc2 Ng6 16. Bg3 Bc6 17. Qg4 Ne5 18. Bxe5 Bxe5 19. Nh6+ Kh8 20. Qh5 f5 21. Nf7+ Rxf7 22.
Qxf7 g6 23. Rfe1 Qf6 24. Qxf6+ Bxf6 25. Rad1 Kg7 26. Bb3 d4 27. cxd4 g5 28. f3 a5 29.
Kf2 h5 30. Re2 a4 31. Ba2 Ra5 32. d5 Bb5 33. Rc2 Be5 34. g3 Kf6 35. Re1 Ra8 36. Kg2 Bd6 37. Bb1 h4 38. Rc3 1-0

[Event "Early-Titled-Tuesday-Blitz-October-10-2023"]
[Site "Chess.com"]
[Date "2023.10.10"]
[Round "5"]
[White "GradualismUnleashed"]
[Black "GMKrikor"]
[Result "1-0"]
[WhiteElo "2586"]
[BlackElo "2834"]
[TimeControl "180+1"]
[EndTime "8:54:05 PDT"]
[Termination "GradualismUnleashed won on time"]

1. e4 e6 2. d4 d5 3. Nc3 Nf6 4. e5 Nfd7 5. f4 c5 6. Nf3 Nc6 7. Be3 a6 8. Ne2 b5 9. c3 b4 10. cxb4 c4 11. a3 Qb6 12. Nc3 f5 13. Ng5 Ndb8 14. g4 h6 15. Nh3 Ne7 16. Rg1 Bd7 17. Na4 Qb5 18. Nc5 a5 19. Bd2 Nbc6 20. a4 Qb8 21.
gxf5 Nxf5 22. Qh5+ Kd8 23. Ng5 hxg5 24. Qxh8 Kc7 25.
b5 Ncxd4 26. Nxd7 Kxd7 27. O-O-O Nf3 28. Rg2 Nxd2 29. Rgxd2 Bb4 30. Qxb8 Bxd2+ 31. Rxd2 Rxb8 32. fxg5 Kc7 33. Bh3 g6 34. Bxf5 gxf5 35. h4 Rh8 36. Rh2 Rh5 37. Kd2 d4 38. g6 1-0

[Event "Early-Titled-Tuesday-Blitz-October-10-2023"]
[Site "Chess.com"]
[Date "2023.10.10"]
[Round "5"]
[White "Zq1"]
[Black "MikeSailer"]
[Result "1-0"]
[WhiteElo "2518"]
[BlackElo "2140"]
[TimeControl "180+1"]
[EndTime "8:54:05 PDT"]
[Termination "Zq1 won by checkmate"]

1. d4 d5 2. c4 c6 3. cxd5 cxd5 4.
Bg5 Nf6 5. Bxf6 gxf6 6. Nc3 e6 7. e3 Nc6 8. g3 Bd6 9. Bg2 a6 10. Nge2 Bd7 11. O-O Qe7 12. Rc1 h5 13. h4 O-O-O 14. Na4 Bc7 15. Nc5 Bd6 16. Qb3 Bxc5 17. Rxc5 Qd6 18.
Rfc1 Kc7 19. Nf4 Rb8 20. a4 Kd8 21. Qb6+ Ke7 22. b4 f5 23. b5 axb5 24. axb5 Nd8 25. Qa7 f6 26. Rc7 Nf7 27. Qc5 Qxc5 28. R1xc5 b6 29.
R5c6 Kd8 30. Ra7 Bxc6 31. Nxe6+ Ke8 32. bxc6 Rc8 33. Bxd5 Nd6 34. Rd7 Nb5 35. Ng7+ Kf8 36. Nxf5 Nc3 37. Rf7+ Ke8 38. Ng7+ Kd8 39. Rd7# 1-0

[Event "Early-Titled-Tuesday-Blitz-October-10-2023"]
[Site "Chess.com"]
[Date "2023.10.10"]
[Round "5"]
[White "maracayo"]
[Black "campochess"]
[Result "1-0"]
[WhiteElo "2378"]
[BlackElo "2134"]
[TimeControl "180+1"]
[EndTime "8:54:06 PDT"]
[Termination "maracayo won by checkmate"]

1. e4 c5 2. Nc3 Nc6 3. f4 a6 4.
Nf3 e6 5. g3 Nf6 6. Bg2 d5 7.
d3 dxe4 8. dxe4 Qxd1+ 9. Kxd1 b5 10. e5 Nd5 11. Ne4 Bb7 12. c3 Rd8 13. Ke2 Be7 14. a4 O-O 15. Rd1 Nb6 16. axb5 axb5 17. Rxd8 Rxd8 18.
Be3 Nc4 19. Bxc5 Nxb2 20. Bxe7 Nxe7 21. Nd6 Bc6 22. Ra7 Rd7 23. Rxd7 Bxd7 24. Nd4 Na4 25.
N4xb5 Nf5 26. Kd3 Nc5+ 27. Kc4 Bxb5+ 28. Kxc5 Bd3 29. Bc6 Kf8 30. Nxf5 Bxf5 31. Kd6 Bd3 32.
Bd7 Bc4 33. Ba4 h6 34. h4 g6 35. Bd1 Ke8 36. Ba4+ Kd8 37. Kc5 Bd5 38. Kd6 Bc4 39.
Kc5 Bd5 40. c4 Bf3 41. Kd6 Be4 42. Bd7 Bb7 43. c5 Ba6 44. c6 h5 45. c7# 1-0

[Event "Early-Titled-Tuesday-Blitz-October-10-2023"]
[Site "Chess.com"]
[Date "2023.10.10"]
[Round "5"]
[White "GothamChess"]
[Black "Firouzja2003"]
[Result "1-0"]
[WhiteElo "2742"]
[BlackElo "3064"]
[TimeControl "180+1"]
[EndTime "8:54:07 PDT"]
[Termination "GothamChess won on time"]

1. e4 c6 2. d4 d5 3. f3 e6 4. Nc3 Bb4 5. a3 Ba5 6. Be3 Ne7 7. Bd3 Nd7 8. b4 Bb6 9. Nge2 dxe4 10. Nxe4 O-O 11.
O-O e5 12. Bf2 exd4 13. Nxd4 Ne5 14. c3 Nd5 15. Bc2 Re8 16. Bb3 h5 17. Kh1 h4 18.
Qd2 h3 19. g3 Nxf3 20. Nxf3 Rxe4 21. Ng5 Re7 22. Bxb6 Qxb6 23. Qd3 g6 24. Rxf7 Bf5 25. Rxf5 gxf5 26. Qxf5 Qe3 27. Rf1 Rg7 28. Nxh3 Re8 29. Nf4 Rf7 30. Bxd5 cxd5 31. Qg6+ Kf8 32. Qh6+ Ke7 33.
Nxd5+ Kd8 34. Nxe3 1-0

[Event "Early-Titled-Tuesday-Blitz-October-10-2023"]
[Site "Chess.com"]
[Date "2023.10.10"]
[Round "5"]
[White "Irishchessman16"]
[Black "Zurability"]
[Result "1/2-1/2"]
[WhiteElo "2458"]
[BlackElo "2709"]
[TimeControl "180+1"]
[EndTime "8:54:08 PDT"]
[Termination "Game drawn by repetition"]

1. e4 c5 2. Nf3 d6 3. Bb5+ Bd7 4. a4 a6 5. Bc4 Nf6 6. Nc3 g6 7. e5 dxe5 8. Nxe5 e6 9. O-O Bg7 10. d3 O-O 11. Be3 Qc7 12. Nxd7 Nbxd7 13. a5 h5 14. h3 Rac8 15. Na4 Qd6 16. c3 Nd5 17. Qb3 Nxe3 18. fxe3 Ne5 19. Qxb7 Nxc4 20. dxc4 Rb8 21.
Qa7 Qd3 22. Qxc5 Rfc8 23. Qa7 f5 24. Rad1 Qe4 25. Rf4 Qc6 26. Rd7 Be5 27. Rh7 Bc7 28. Nb6 Kxh7 29. Nxc8 Rxc8 30. Rd4 Kh6 31. Rd3 Qe4 32.
Qd4 Bg3 33. Rd1 Rxc4 34. Qh8+ Kg5 35. Qd8+ Kh6 36. Qh8+ Kg5 37. Qd8+ Kh6 38. Qh8+ 1/2-1/2

[Event "Early-Titled-Tuesday-Blitz-October-10-2023"]
[Site "Chess.com"]
[Date "2023.10.10"]
[Round "5"]
[White "invisible_s0ul"]
[Black "kuanysh1981"]
[Result "0-1"]
[WhiteElo "2305"]
[BlackElo "2529"]
[TimeControl "180+1"]
[EndTime "8:54:09 PDT"]
[Termination "kuanysh1981 won by resignation"]

1. Nf3 d5 2. g3 Bf5 3. Bg2 Nf6 4. d3 e6 5. O-O h6 6. Nbd2 Bh7 7. b3 c5 8. Bb2 Nc6 9. Qe1 d4 10. e3 dxe3 11.
Qxe3 Be7 12. Ne5 Nxe5 13. Bxe5 Qd7 14. Bb2 O-O 15. Nc4 Rac8 16. Ne5 Qc7 17. a4 Nd5 18. Qe2 Bf6 19. Rae1 b6 20. Ba1 Rfd8 21. Ng4 Bxa1 22. Rxa1 Qe7 23. Rae1 Qg5 24. f4 Qe7 25. Qe5 Nb4 26.
f5 Qd6 27. fxe6 fxe6 28. Qe2 Qd4+ 29. Kh1 Kh8 30. Qxe6 Nxc2 31. Rf4 Qxd3 32. Ref1 Re8 33. Qf7 Bg6 34. Qxa7 Ne3 35. Nxe3 Rxe3 36. Qxb6 Re2 37. R4f3 Qc2 38. Rg1 Be4 39. Qe6 Rg8 40. Qg4 Rxg2 41. Rxg2 Qd1+ 42. Rg1 Bxf3+ 0-1